[Event "Asian Academies Hybrid Chess-ch 2021"]
[Site "Tornelo"]
[Date "2021.11.21"]
[Round "5.1"]
[White "Newansa, M Esandi"]
[Black "Shadat, Kibria Ayaan"]
[Result "1/2-1/2"]
[ECO "D00"]
[WhiteElo "1121"]
[BlackElo "1623"]
[Annotator "NA RC"]
[PlyCount "82"]
[EventDate "2021.11.21"]
[EventCountry "NET"]
[SourceTitle "playchess.com"]
[Source "ChessBase"]
[SourceQuality "1"]
[TimeControl "3600+30"]

1. d4 d5 2. Bf4 Nf6 3. e3 e6 4. c3 Bd6 5. Bg3 c5 6. Nd2 Nc6 7. Bb5 cxd4 8. cxd4 O-O 9. Rc1 Bxg3 10. hxg3 Bd7 11. Nb3 Rc8 12. Bd3 h6 13. Ne2 Nb4 14. Nc3 Nxd3+ 15. Qxd3 Bc6 16. O-O Re8 17. Rfd1 a6 18. Nc5 Qd6 19. b4 e5 20. dxe5 Qxe5 21. a4 Ne4 22. N3xe4 dxe4 23. Qb3 Red8 24. Qa3 Rd5 25. Nb3 Rd3 26. Rxd3 exd3 27. Nd4 Qe4 28. Nxc6 Rxc6 29. Rd1 Rd6 30. Qc3 b5 31. axb5 axb5 32. Qc8+ Kh7 33. Qc5 Rd5 34. Qc3 Qc4 35. Qd2 f5 36. Rc1 Qg4 37. Rd1 Rd6 38. Kf1 Qh5 39. Kg1 Qg4 40. Kf1 Qh5 41. Kg1 Qg4 1/2-1/2

[Event "Asian Academies Hybrid Chess-ch 2021"]
[Site "Tornelo"]
[Date "2021.11.21"]
[Round "5.2"]
[White "Babaei, Amir Hossein"]
[Black "Galiakbarov, Aldiyar"]
[Result "1-0"]
[ECO "D06"]
[WhiteElo "1286"]
[BlackElo "1141"]
[Annotator "NA RC"]
[PlyCount "69"]
[EventDate "2021.11.21"]
[EventCountry "NET"]
[SourceTitle "playchess.com"]
[Source "ChessBase"]
[SourceQuality "1"]
[TimeControl "3600+30"]

1. d4 d5 2. Nf3 Nf6 3. e3 Bf5 4. c4 e6 5. Nc3 Be7 6. Ne5 c6 7. cxd5 exd5 8. Bd3 Bxd3 9. Qxd3 Nbd7 10. f4 Qc7 11. O-O a5 12. a3 O-O 13. Qc2 Rfc8 14. Bd2 b5 15. Rfe1 Qb6 16. Qf5 Qb7 17. Nxd7 Nxd7 18. e4 dxe4 19. Nxe4 g6 20. Qh3 Nf6 21. Ng5 Rd8 22. Nxf7 Kxf7 23. Qe6+ Kf8 24. f5 Qd7 25. Bh6+ Ke8 26. Qxf6 Qd6 27. Re6 Qxd4+ 28. Qxd4 Rxd4 29. f6 Kf7 30. Rxe7+ Kxf6 31. Rae1 Rd5 32. R1e6+ Kf5 33. Re4 g5 34. g4+ Kg6 35. R4e6# 1-0

[Event "Asian Academies Hybrid Chess-ch 2021"]
[Site "Tornelo"]
[Date "2021.11.21"]
[Round "5.3"]
[White "Mohammadi, Mohamad Amin"]
[Black "Kazi Afsan Rawnak, Anan"]
[Result "1-0"]
[ECO "B90"]
[WhiteElo "1855"]
[BlackElo "1410"]
[Annotator "NA"]
[PlyCount "71"]
[EventDate "2021.11.21"]
[EventCountry "NET"]
[SourceTitle "playchess.com"]
[Source "ChessBase"]
[SourceQuality "1"]
[TimeControl "3600+30"]

1. e4 c5 2. Nf3 d6 3. d4 cxd4 4. Nxd4 Nf6 5. Nc3 a6 6. Rg1 e5 7. Nb3 Be6 8. g4 Nxg4 $2 (8... h6 $11) 9. Rxg4 Bxg4 10. Qxg4 Qd7 (10... Nd7 $142 11. Bg5 h5) 11. Qg3 Nc6 12. Nd5 Rb8 (12... Ne7 $142 13. Nb6 {[%mdl 64] Double Attack} Qd8) 13. Be3 Ne7 14. O-O-O Nxd5 15. Rxd5 Qa4 $2 {[%emt 0:02:55] [#]} (15... f6 16. f4 Qc7 17. fxe5 Rc8) 16. Qg4 $2 (16. Rxe5+ $1 dxe5 17. Qxe5+ {[%mdl 64] Double Attack} Be7 18. Qxb8+ {[%mdl 64] Double Attack} Bd8 19. Qe5+ {[%mdl 64] Double Attack} Be7 20. Qb8+ Bd8 21. Qe5+ {[%mdl 64] Double Attack} Be7 22. Bc5) 16... g6 17. f3 f5 18. exf5 Qxg4 19. fxg4 gxf5 20. gxf5 Rg8 21. Na5 Kd7 22. Nc4 Kc6 23. Rd2 Rg4 24. Bg2+ e4 25. h3 Rh4 26. Bf2 Bh6 27. Bxh4 Bxd2+ 28. Nxd2 Rg8 29. Bxe4+ d5 30. Bd3 Rg1+ 31. Bf1 Kd6 $18 32. Kd1 Ke5 33. Nf3+ Kxf5 34. Nxg1 d4 35. Bd3+ Kf4 36. Bxh7 1-0

[Event "Asian Academies Hybrid Chess-ch 2021"]
[Site "Tornelo"]
[Date "2021.11.21"]
[Round "5.3"]
[White "Warsia, Khusbu"]
[Black "Mohammadi, Maryam"]
[Result "0-1"]
[ECO "C54"]
[WhiteElo "1505"]
[BlackElo "1163"]
[Annotator "NA RC"]
[PlyCount "66"]
[EventDate "2021.11.21"]
[EventCountry "NET"]
[SourceTitle "playchess.com"]
[Source "ChessBase"]
[SourceQuality "1"]
[TimeControl "3600+30"]

1. e4 e5 2. Nf3 Nc6 3. Bc4 Bc5 4. c3 Nf6 5. d4 exd4 6. e5 d5 7. Bb5 Ne4 8. cxd4 Bb4+ 9. Bd2 Be7 10. Qc2 Bd7 11. Nc3 Nb4 12. Bxd7+ Qxd7 13. Qb1 Nxd2 14. Nxd2 c5 15. dxc5 d4 16. Nce4 d3 17. O-O Nc2 18. Nd6+ Bxd6 19. exd6 O-O 20. b4 a5 21. b5 Rac8 22. Ne4 Qe6 23. f3 f5 24. d7 Qxd7 25. Qb3+ Kh8 26. Rad1 fxe4 27. Qxc2 Qd4+ 28. Kh1 Rfd8 29. Qb3 e3 30. Rfe1 Rxc5 31. a4 Rc3 32. Qb2 d2 33. Re2 Qd3 0-1

[Event "Asian Academies Hybrid Chess-ch 2021"]
[Site "Tornelo"]
[Date "2021.11.21"]
[Round "5.4"]
[White "Husam Al-Dain Abdulhakim Nashe"]
[Black "Abdolahi, Amir Taha"]
[Result "1-0"]
[ECO "C14"]
[WhiteElo "1342"]
[BlackElo "1243"]
[Annotator "NA RC"]
[PlyCount "67"]
[EventDate "2021.11.21"]
[EventCountry "NET"]
[SourceTitle "playchess.com"]
[Source "ChessBase"]
[SourceQuality "1"]
[TimeControl "3600+30"]

1. e4 e6 2. d4 d5 3. Nc3 Nf6 4. Bg5 Be7 5. e5 Nfd7 6. h4 Bxg5 7. hxg5 Qxg5 8. Nh3 Qd8 9. Qg4 g6 10. Bd3 Qe7 11. Nf4 Nf8 12. Nfxd5 exd5 13. Qxc8+ Qd8 14. Qxb7 Nbd7 15. Nxd5 Ne6 16. Bb5 Rb8 17. Qc6 Nxd4 18. Nxc7+ Kf8 19. Qd6+ Kg8 20. Qxd4 Qxc7 21. Bxd7 Rb6 22. O-O h6 23. Rfe1 Kh7 24. e6 fxe6 25. Bxe6 Rd6 26. Qf4 Rhd8 27. Rad1 h5 28. Rxd6 Rxd6 29. Bb3 a6 30. Qf8 Rd7 31. Bg8+ Kh8 32. Bf7+ Kh7 33. Qg8+ Kh6 34. Qxg6# 1-0

[Event "Asian Academies Hybrid Chess-ch 2021"]
[Site "Tornelo"]
[Date "2021.11.21"]
[Round "5.4"]
[White "Ajami, Kiyana"]
[Black "Khaled waleed Abdullah"]
[Result "0-1"]
[ECO "D05"]
[WhiteElo "1170"]
[BlackElo "1568"]
[Annotator "NA RC"]
[PlyCount "82"]
[EventDate "2021.11.21"]
[EventCountry "NET"]
[SourceTitle "playchess.com"]
[Source "ChessBase"]
[SourceQuality "1"]
[TimeControl "3600+30"]

1. d4 Nf6 2. Nf3 e6 3. e3 d5 4. Bd3 Be7 5. O-O O-O 6. Ne5 c5 7. c3 Nc6 8. f4 Qc7 9. Nd2 b6 10. a3 Bb7 11. Qe2 Rac8 12. e4 cxd4 13. exd5 Nxd5 14. cxd4 Nxd4 15. Qd1 Bc5 16. Kh1 Ne3 17. Bxh7+ Kxh7 18. Qh5+ Kg8 19. Rf2 Bd6 20. Ndf3 Nxf3 21. Nxf3 Bxf3 22. Qxf3 Qxc1+ 23. Rxc1 Rxc1+ 24. Rf1 Rxf1+ 25. Qxf1 Nxf1 26. Kg1 Ne3 27. Kf2 Nd1+ 28. Ke2 Nxb2 29. f5 exf5 30. Kf3 Bxa3 31. Kg3 Bd6+ 32. Kh3 a5 33. g3 a4 34. Kh4 a3 35. h3 a2 36. g4 a1=Q 37. Kh5 g6+ 38. Kg5 Qc1+ 39. Kf6 Qc3+ 40. Kg5 Qe3+ 41. Kh4 Qh6# 0-1